 Dungeon Crawl Stone Soup version 0.24-a0-416-g56ce5178b7 (webtiles) character file.

Game seed: 15413754151533104514

100695 Lanoc the Earth Mage (level 15, -7/90 HPs)
             Began as a Demonspawn Earth Elementalist on June 9, 2019.
             Was the Champion of Dithmenos.
             Killed from afar by Nikola (25 damage)
             ... with a chain lightning
             ... on level 1 of the Shoals.
             The game lasted 02:11:37 (30753 turns).

Lanoc the Earth Mage (DsEE)                        Turns: 30753, Time: 02:11:38

Health: -7/90      AC: 13    Str: 17    XL:     15   Next: 81%
Magic:  11/37      EV: 28    Int: 31    God:    Dithmenos [******]
Gold:   1149       SH:  0    Dex: 21    Spells: 4/32 levels left

rFire    . . .     SeeInvis .   b - +5 short sword of the Shark {pierce, Str+4 Int+2}
rCold    + + +     Gourm    .   (no shield)
rNeg     . . .     Faith    .   Q - +3 troll leather armour {Snorg}
rPois    .         Spirit   .   s - +1 hat
rElec    .         Reflect  .   U - +2 cloak {rC+}
rCorr    .         Harm     .   (no gloves)
MR       +++..                  n - +1 pair of boots {Stlth+}
Stlth    +++++++...             c - amulet of Loremn {RegenMP rC++ Str+4 Dex+6}
HPRegen  0.65/turn              O - ring of the Mage {Wiz MR++ Int+3}
MPRegen  0.50/turn              G - ring of magical power

@: confused, brilliant, wreathed by umbra, repel missiles
A: hooves 2, repulsion field 3, demonic guardian 1, nightstalker 2, screaming 1
a: Shadow Step, Shadow Form, Renounce Religion


You were on level 1 of the Shoals.
You worshipped Dithmenos.
Dithmenos was exalted by your worship.
You were hungry.

You visited 5 branches of the dungeon, and saw 25 of its levels.
You also visited: Trove, Gauntlet and Ice Cave.

You collected 3025 gold pieces.
You spent 1876 gold pieces at shops.

Inventory:

Hand Weapons
 b - the +5 short sword of the Shark (weapon) {pierce, Str+4 Int+2}
   (You found it on level 5 of the Dungeon)

   It inflicts extra damage upon your enemies.
   It affects your strength (+4).
   It affects your intelligence (+2).
Missiles
 K - 129 stones (quivered)
Armour
 n - a +1 pair of boots of stealth (worn)
 s - a +1 hat (worn)
 F - the +6 scale mail of Ugatasiz {MR- Regen+ Str+5 SInv, unknown}
   (You found it on level 1 of the Shoals)

   It affects your strength (+5).
   It affects your resistance to hostile enchantments.
   It lets you see invisible.
   It increases your rate of regeneration.
 Q - a +3 troll leather armour (worn) {Snorg}
 U - a +2 cloak of cold resistance (worn)
Magical Staves
 a - an uncursed staff of conjuration
 C - an uncursed staff of power
Jewellery
 c - the amulet of Loremn (around neck) {RegenMP rC++ Str+4 Dex+6}
   (You bought it in a shop on level 2 of the Orcish Mines)

   [amulet of magic regeneration]

   It increases your magic regeneration.
   It affects your strength (+4).
   It affects your dexterity (+6).
   It greatly protects you from cold.
 r - an uncursed ring of protection from fire
 t - an uncursed ring of flight
 y - an uncursed ring of positive energy
 G - a ring of magical power (right hand)
 O - the ring of the Mage (left hand) {Wiz MR++ Int+3}
   (You bought it in a shop on level 4 of the Dungeon)

   [ring of wizardry]

   It improves your spell success rate.
   It affects your intelligence (+3).
   It affects your resistance to hostile enchantments.
Wands
 u - a wand of acid (9)
 v - a wand of digging (6)
 H - a wand of iceblast (25)
 M - a wand of clouds (10)
Scrolls
 e - 8 scrolls of magic mapping
 g - 14 scrolls of remove curse
 h - 6 scrolls of blinking
 j - 6 scrolls of fog
 l - 12 scrolls of teleportation
 p - 3 scrolls of fear
 q - 3 scrolls of enchant weapon
 D - 4 scrolls of enchant armour
 E - 2 scrolls of identify
 I - a scroll of summoning
 J - a scroll of amnesia
 P - 2 scrolls of immolation
 Z - a scroll of brand weapon
Potions
 f - 3 potions of brilliance
 i - 6 potions of might
 k - 5 potions of flight
 m - 7 potions of haste
 o - 7 potions of mutation
 w - 2 potions of berserk rage
 x - 7 potions of curing
 z - 2 potions of heal wounds
 A - 4 potions of invisibility
 B - a potion of resistance
 L - 3 potions of cancellation
 N - 3 potions of lignification
 R - 5 potions of agility
Miscellaneous
 V - a sack of spiders
 X - a crystal ball of energy
Comestibles
 d - 56 rations
 S - 8 chunks of flesh


   Skills:
 + Level 14.2 Dodging
 - Level 1.7 Stealth
 + Level 9.2 Spellcasting
 - Level 0.8 Transmutations
 * Level 19.1 Earth Magic


You had 4 spell levels left.
You knew the following spells:

 Your Spells              Type           Power        Failure   Level  Hunger
a - Sandblast             Erth           ######       0%          1    None
b - Stone Arrow           Conj/Erth      ######       1%          3    None
c - Passwall              Tmut/Erth      #######.     1%          2    None
d - Petrify               Tmut/Erth      #######.     1%          4    None
e - Lee's Rapid Deconstr  Erth           ########..   1%          5    ###....
f - Leda's Liquefaction   Hex/Erth       #######...   1%          4    None
g - Apportation           Tloc           ####..       1%          1    None
h - Sublimation of Blood  Necr           ####......   1%          2    None
i - Iron Shot             Conj/Erth      #######...   1%          6    #####..

Your spell library contained the following spells:

 Spells                   Type           Power        Failure   Level  Hunger
 Animate Skeleton         Necr           N/A          1%          1    None
 Confusing Touch          Hex            ####..       1%          1    None
 Flame Tongue             Conj/Fire      ####.        1%          1    None
 Summon Small Mammal      Summ           ####         1%          1    None
 Blink                    Tloc           N/A          1%          2    None
 Throw Flame              Conj/Fire      ####..       1%          2    None
 Confuse                  Hex            ####....     1%          3    None
 Conjure Flame            Conj/Fire      ####....     1%          3    None
 Gell's Gravitas          Tloc           ####......   1%          3    None
 Inner Flame              Hex/Fire       ####....     1%          3    None
 Sticky Flame             Conj/Fire      ####....     5%          4    None
 Bolt of Magma            Conj/Fire/Erth ######....   1%          5    ###....
 Statue Form              Tmut/Erth      #######..    1%          6    #####..
 Yara's Violent Unravell  Hex/Tmut       #####.....   12%         5    ###....
 Fireball                 Conj/Fire      ####......   13%         5    ###....
 Lightning Bolt           Conj/Air       ####......   13%         5    ###....
 Metabolic Englaciation   Hex/Ice        ####......   13%         5    ###....
 Shatter                  Erth           ########..   17%         9    #######
 Deflect Missiles         Chrm/Air       ####......   50%         6    #####..
 Dispersal                Tloc           ####......   50%         6    #####..


Dungeon Overview and Level Annotations

Branches:
Dungeon (15/15)            Temple (1/1) D:7            Lair (6/6) D:10
 Shoals (1/4) Lair:3       Spider (0/4) Lair:2        Slime (0/5) Lair:6
    Orc (2/2) D:9             Elf (0/3) Orc:2        Vaults (0/5) D:14
 Depths (0/5) D:15

Altars:
Ashenzari
Cheibriados
Dithmenos
Elyvilon
Fedhas
Gozag
Hepliaklqana
Kikubaaqudgha
Makhleb
Nemelex Xobeh
Okawaru
Qazlal
Ru
Sif Muna
Trog
Uskayaw
Vehumet
Wu Jian
Xom
Yredelemnul
Zin
The Shining One
Beogh

Shops:
D:4 !=}   D:5 (   D:6 (   D:7 (   D:10 *   D:12 [   D:14 %   Orc:2 [!*[

Annotations:
Shoals:1 Nikola


Innate Abilities, Weirdness & Mutations

You have hoof-like feet.
You are surrounded by a strong repulsion field. (EV +4, RMsl)
A weak demonic guardian rushes to your aid.
You are significantly more attuned to the shadows.
You occasionally shout uncontrollably at your foes.


Message History

Aiming: Iron Shot (slightly dangerous; 8% risk of failure)
Press: ? - help, Shift-Dir - straight line, f/p - Nikola
Aim: Nikola, wielding a +2 rapier of electrocution, wearing a +0 cloak and wearing a +0 pair of gloves (moderately wounded, umbra)
The iron shot hits Nikola!!
Nikola is heavily wounded.
You are feeling hungry.
The faun shoots a stone.
The stone is repelled.
Nikola completely misses you.
You feel clever all of a sudden.
It was a potion of ambrosia.
You are confused.
You feel invigorated.
Nikola casts a spell.
You hear a mighty clap of thunder!
The lightning arc hits you!!
The lightning arc hits Nikola!
The lightning arc hits you!!
You emit a cloud of dark smoke.
The lightning arc hits Nikola.
The lightning arc hits you!
* * * LOW HITPOINT WARNING * * *
You emit a cloud of dark smoke.
The lightning arc hits Nikola.
The lightning arc hits you!!
You die...

.≈≈≈≈≈≈≈≈≈≈≈≈≈.....)............#
.≈≈≈≈≈≈≈≈≈≈...(.#################
.≈≈≈≈≈≈≈≈≈≈≈((..#
.≈≈≈≈≈≈≈≈≈≈≈(..≈# ##≈
≈≈≈≈≈≈≈≈≈≈...[≈## '#≈≈
≈≈≈≈≈≈≈≈....÷..# #≈≈≈≈
≈≈≈≈.≈.....)≈≈.###).#P.
.≈≈≈.≈≈≈[...)≈##§@≈≈≈.≈
≈≈≈≈≈≈≈≈≈≈((###§@§≈≈#.≈
≈≈≈≈≈≈≈≈≈≈≈(≈≈≈§§§≈c.≈≈
≈≈≈≈≈≈≈≈≈≈≈≈≈≈)≈≈###≈≈.
≈≈≈≈≈≈≈≈≈≈≈≈≈(≈≈≈≈.###.
≈≈≈≈≈≈≈≈≈≈≈≈≈≈≈≈≈≈...
≈≈≈≈≈≈≈≈≈≈≈≈≈≈≈≈≈≈≈..
≈≈≈≈≈≈≈≈≈≈≈≈≈≈≈≈≈≈≈≈≈
≈≈≈≈≈≈≈≈≈≈≈≈≈


You could see Nikola and a faun.

Vanquished Creatures
  Gastronok (Lair:2)
  Roxanne (Shoals:1)
  Kirke (D:14)
  2 frost giants
  Nessos (D:14)
  A minotaur (Gauntlet)
  Snorg (Orc:1)
  A merfolk javelineer (Shoals:1)
  A fire dragon (Lair:6)
  A great orb of eyes (Gauntlet)
  9 hydras
  A catoblepas (D:9)
  A vault guard (D:14)
  2 centaur warriors
  An ogre mage (D:15)
  6 death yaks
  A tengu warrior (Gauntlet)
  7 two-headed ogres
  An orc high priest (Orc:2)
  Sonja (Orc:1)
  A fire crab (Lair:3)
  A swamp dragon (Lair:6)
  2 unseen horrors
  3 orc knights
  4 orc sorcerers (Orc:2)
  10 ugly things
  4 manticores
  8 slime creatures
  8 fauns (Shoals:1)
  5 cyclopes
  A deep elf mage (D:15)
  A merfolk siren (Lair:3)
  Maurice (Orc:1)
  6 elephants
  3 black mambas (Lair:3)
  A water nymph (Shoals:1)
  An ice statue (IceCv)
  4 torpor snails
  10 spiny frogs
  A minotaur zombie (Gauntlet)
  3 komodo dragons
  3 kobold demonologists
  8 rime drakes
  A yaktaur (D:15)
  An ice devil (Gauntlet)
  A meliai (Shoals:1)
  2 tengu conjurers (Gauntlet)
  12 polar bears (IceCv)
  6 jumping spiders (Lair:2)
  A merfolk (Lair:3)
  4 trolls
  6 blink frogs
  2 snapping turtles (Shoals:1)
  3 hornets
  A meliai zombie (D:12)
  16 hippogriffs
  10 wyverns
  A redback (Lair:2)
  A vampire (D:15)
  A wraith (D:14)
  52 yaks
  5 basilisks
  2 hungry ghosts (D:11)
  A basilisk (shapeshifter) (D:14)
  A steam dragon (D:15)
  A hog (D:14)
  5 vampire mosquitoes
  4 wargs
  Edmund (D:5)
  Grum (D:9)
  4 acid dragons
  4 soldier ants
  A hell hound (Lair:5)
  9 water moccasins
  6 porcupines
  A swamp drake (Lair:6)
  37 orc warriors
  3 phantoms (D:9)
  15 ogres
  2 ice beasts
  6 sky beasts
  3 black bears
  An eye of draining (D:11)
  23 wolves
  12 crocodiles
  5 centaurs
  A big kobold (D:15)
  12 bullfrogs
  4 scorpions
  11 killer bees
  2 electric eels (Lair:5)
  14 wights
  6 howler monkeys
  A howler monkey (shapeshifter) (D:14)
  5 crimson imps
  A quasit (D:10)
  3 centaur zombies
  3 bullfrog skeletons
  6 centaur skeletons
  29 orc priests
  4 hounds
  3 jellies
  40 orc wizards
  Natasha (thrice) (D:4)
  6 iguanas
  3 hell rats (D:10)
  11 worker ants
  A howler monkey zombie (D:6)
  2 worker ant zombies
  Robin (D:4)
  7 gnolls
  3 river rats (D:10)
  10 adders
  2 shadow imps
  2 white imps (Gauntlet)
  An adder zombie (D:9)
  An adder skeleton (D:6)
  2 worms
  9 leopard geckos
  108 orcs
  3 ball pythons
  3 giant cockroaches (D:3)
  11 goblins
  19 hobgoblins
  4 jackals (D:1)
  12 kobolds
  6 quokkas
  8 bats
  2 frilled lizards (D:3)
  A leopard gecko skeleton (D:8)
  2 leopard gecko zombies
  10 rats
  A fungus (Lair:6)
  2 plants
805 creatures vanquished.

Vanquished Creatures (collateral kills)
  Harold (D:8)
  A hydra (Lair:6)
  A death yak (D:10)
  An unseen horror (D:10)
  An orc knight (Orc:1)
  A slime creature (D:14)
  Eustachio (D:4)
  4 yaks
  A black bear (D:8)
  3 ogres
  A big kobold (D:7)
  Blork the orc (D:5)
  A howler monkey (D:8)
  2 orc priests
  2 hounds (D:5)
  3 orc wizards
  6 orcs
  2 goblins (D:4)
  A hobgoblin (D:4)
  3 kobolds
37 creatures vanquished.

Vanquished Creatures (others)
  A human (D:14)
  20 fungi
  11 plants
32 creatures vanquished.

Grand Total: 874 creatures vanquished

Notes
Turn   | Place    | Note
-------+----------+-------------------------------------------
     0 | D:1      | Lanoc the Demonspawn Earth Elementalist began the quest for
                  | the Orb.
     0 | D:1      | Reached XP level 1. HP: 13/13 MP: 3/3
   135 | D:1      | Reached skill level 3 in Earth Magic
   179 | D:1      | Gained mutation: You are slightly more attuned to the
                  | shadows. [demonic ancestry]
   179 | D:1      | Reached XP level 2. HP: 11/19 MP: 1/5
   658 | D:2      | Gained mutation: A weak demonic guardian rushes to your
                  | aid. [demonic ancestry]
   658 | D:2      | Reached XP level 3. HP: 13/24 MP: 1/6
  1153 | D:2      | Reached skill level 4 in Earth Magic
  1153 | D:2      | Gained mutation: You have large cloven feet. [demonic
                  | ancestry]
  1153 | D:2      | Reached XP level 4. HP: 30/30 MP: 3/7
  1710 | D:2      | Reached XP level 5. HP: 29/35 MP: 6/8
  1981 | D:2      | Learned a level 3 spell: Stone Arrow
  1984 | D:2      | Learned a level 2 spell: Passwall
  2471 | D:3      | Reached skill level 5 in Earth Magic
  3246 | D:4      | Noticed Natasha
  3250 | D:4      | Killed Natasha
  3250 | D:4      | Reached XP level 6. HP: 29/41 MP: 6/9
  3356 | D:4      | Noticed Eustachio
  3417 | D:4      | Killed Eustachio
  3437 | D:4      | Noticed Robin
  3462 | D:4      | Killed Robin
  3516 | D:4      | Found Silar's Gadget Emporium.
  3542 | D:4      | Found Mimithron's Jewellery Emporium.
  3544 | D:4      | Noticed Natasha
  3552 | D:4      | Killed Natasha
  3557 | D:4      | Found Qoeno's Distillery.
  3564 | D:4      | Bought a potion of curing for 33 gold pieces
  3564 | D:4      | Bought a potion of heal wounds for 55 gold pieces
  3564 | D:4      | Bought a potion of invisibility for 88 gold pieces
  3590 | D:4      | Reached skill level 6 in Earth Magic
  3658 | D:4      | Noticed Natasha
  3662 | D:4      | Killed Natasha
  3781 | D:5      | Entered Level 5 of the Dungeon
  3784 | D:5      | Gained mutation: You are surrounded by a mild repulsion
                  | field. (EV +2) [demonic ancestry]
  3784 | D:5      | Reached XP level 7. HP: 46/46 MP: 7/10
  3863 | D:5      | Noticed Blork the orc
  3870 | D:5      | Killed Blork the orc
  4038 | D:5      | Found a sacrificial altar of Ru.
  4039 | D:5      | Found an ancient bone altar of Kikubaaqudgha.
  4039 | D:5      | Found a hide-covered altar of Uskayaw.
  4040 | D:5      | Found a white marble altar of Elyvilon.
  4052 | D:5      | Noticed Edmund
  4073 | D:5      | Killed Edmund
  4073 | D:5      | Reached skill level 7 in Earth Magic
  4088 | D:5      | Learned a level 4 spell: Petrify
  4183 | D:5      | Found Qutuppoxt's Antique Weapon Shoppe.
  4383 | D:5      | Got a slimy short sword
  4384 | D:5      | Identified the +5 short sword of the Shark {pierce, Str+4
                  | Int+2} (You found it on level 5 of the Dungeon)
  4448 | D:6      | Reached skill level 5 in Dodging
  4523 | D:6      | Found a radiant altar of Vehumet.
  4523 | D:6      | Found a blossoming altar of Fedhas.
  4655 | D:6      | Reached XP level 8. HP: 47/52 MP: 11/11
  5267 | D:6      | Reached skill level 8 in Earth Magic
  5272 | D:6      | Found Garrahiq's Weapon Emporium.
  5662 | D:7      | Found a staircase to the Ecumenical Temple.
  5677 | Temple   | Entered the Ecumenical Temple
  5841 | Temple   | Became a worshipper of Dithmenos the Shadowed
  5907 | D:7      | Reached skill level 9 in Earth Magic
  5965 | D:7      | Noticed a hippogriff
  5972 | D:7      | Killed a hippogriff
  6166 | D:7      | Found Qipul's Weapon Boutique.
  6228 | D:8      | Noticed a two-headed ogre
  6234 | D:8      | Killed a two-headed ogre
  6234 | D:8      | Gained mutation: You are surrounded by a moderate repulsion
                  | field. (EV +3) [demonic ancestry]
  6234 | D:8      | Reached XP level 9. HP: 57/57 MP: 4/12
  6238 | D:8      | Reached skill level 10 in Earth Magic
  6330 | D:8      | Found a blossoming altar of Fedhas.
  6583 | D:8      | Reached * piety under Dithmenos
  6755 | D:8      | Reached skill level 11 in Earth Magic
  6844 | D:8      | Gained mutation: You have hoof-like feet. [demonic
                  | ancestry]
  6844 | D:8      | Reached XP level 10. HP: 63/63 MP: 9/13
  7021 | D:8      | Reached ** piety under Dithmenos
  7100 | D:8      | Noticed Harold
  7107 | D:8      | Killed Harold
  7144 | D:8      | Paralysed by a hornet for 1 turns
  7505 | D:8      | Reached skill level 12 in Earth Magic
  7793 | D:9      | Noticed a two-headed ogre
  7800 | D:9      | Killed a two-headed ogre
  7943 | D:9      | Noticed Grum
  8005 | D:9      | Reached XP level 11. HP: 44/68 MP: 1/14
  8006 | D:9      | Killed Grum
  8123 | D:9      | You fall into a shaft and drop 1 floor!
  8123 | D:10     | Entered Level 10 of the Dungeon
  8153 | D:10     | Noticed a death yak
  8154 | D:10     | Found a staircase to the Lair.
  8175 | D:10     | Noticed a two-headed ogre
  8183 | D:10     | Killed a two-headed ogre
  8246 | D:10     | Found a portal to a secret trove of treasure.
  8262 | D:10     | You paid a toll of a +6 ring of slaying to enter a treasure
                  | trove
  8263 | Trove    | Entered a treasure trove
  8392 | D:10     | Identified Sif Muna's Disquisition on Evil Stones
  8475 | D:10     | Reached skill level 13 in Earth Magic
  8829 | D:9      | Reached *** piety under Dithmenos
  8917 | D:9      | Found a staircase to the Orcish Mines.
  9594 | D:10     | Noticed a death yak
  9711 | D:10     | Found Osuleg's Mass Market.
  9741 | D:10     | Killed an unseen horror
  9844 | D:10     | Noticed a death yak
  9865 | D:10     | Killed a death yak
 10063 | D:10     | Reached skill level 10 in Dodging
 10212 | D:10     | Reached **** piety under Dithmenos
 10281 | D:9      | Killed a death yak
 10452 | D:10     | Killed a death yak
 10657 | D:11     | Reached skill level 14 in Earth Magic
 11152 | D:11     | Noticed an eight-headed hydra
 11762 | D:12     | Found Lediaw's Armour Boutique.
 11960 | D:12     | Gained mutation: You are significantly more attuned to the
                  | shadows. [demonic ancestry]
 11960 | D:12     | Reached XP level 12. HP: 74/74 MP: 9/15
 12889 | D:13     | Noticed an eight-headed hydra
 13151 | Lair:1   | Entered Level 1 of the Lair of Beasts
 13289 | Lair:1   | Noticed an eight-headed hydra
 13357 | Orc:1    | Entered Level 1 of the Orcish Mines
 13380 | Orc:1    | Noticed an orc warlord
 13391 | D:9      | Reached ***** piety under Dithmenos
 13885 | D:9      | Learned a level 5 spell: Lee's Rapid Deconstruction
 14089 | D:9      | Reached skill level 15 in Earth Magic
 14367 | D:9      | Noticed a catoblepas
 14367 | D:9      | an orc warlord changed into a catoblepas
 14393 | D:9      | Killed a catoblepas
 14982 | D:4      | Bought the ring of the Mage {Wiz MR++ Int+3} for 568 gold
                  | pieces
 14982 | D:4      | Found the ring of the Mage {Wiz MR++ Int+3}
 15135 | Orc:1    | Found a runed translucent door.
 15744 | Orc:1    | Noticed Snorg
 15751 | Orc:1    | Killed Snorg
 15862 | Orc:1    | Noticed Sonja
 15885 | Orc:1    | Killed Sonja
 16281 | Orc:1    | Noticed Maurice
 16284 | Orc:1    | Killed Maurice
 17326 | Orc:1    | Found a roughly hewn altar of Beogh.
 17363 | Orc:2    | Entered Level 2 of the Orcish Mines
 17386 | Orc:1    | Reached ****** piety under Dithmenos
 17597 | Orc:2    | Found a staircase to the Elven Halls.
 18370 | Orc:2    | Gained mutation: You are surrounded by a strong repulsion
                  | field. (EV +4, RMsl) [demonic ancestry]
 18370 | Orc:2    | Reached XP level 13. HP: 71/79 MP: 3/16
 18623 | Orc:2    | Reached skill level 16 in Earth Magic
 18881 | Orc:2    | Gained mutation: You occasionally shout uncontrollably at
                  | your foes. [a neqoxec]
 19423 | Orc:2    | Found Lesuon's Antique Armour Shoppe.
 19424 | Orc:2    | Found Veclih's Distillery.
 19425 | Orc:2    | Found Vyugenax's Antique Armour Emporium.
 19426 | Orc:2    | Found Mih Odghaoka's General Store.
 19603 | Orc:2    | Bought the amulet of Loremn {RegenMP rC++ Str+4 Dex+6} for
                  | 1132 gold pieces
 20676 | Lair:2   | Noticed Gastronok
 20702 | Lair:2   | Killed Gastronok
 20810 | Lair:2   | Found a hole to the Spider Nest.
 20826 | Lair:2   | Learned a level 4 spell: Leda's Liquefaction
 21588 | Lair:3   | Found a frozen archway.
 21597 | IceCv    | Entered an ice cave
 22205 | IceCv    | Noticed a frost giant
 22211 | IceCv    | Reached skill level 5 in Spellcasting
 22232 | IceCv    | Killed a frost giant
 22580 | Lair:3   | You fall into a shaft and drop 1 floor!
 22692 | Lair:4   | Found a sacrificial altar of Ru.
 22893 | Lair:3   | Reached skill level 17 in Earth Magic
 22982 | Lair:3   | Found a staircase to the Shoals.
 23232 | Lair:3   | Reached XP level 14. HP: 75/85 MP: 6/22
 24299 | Lair:5   | Found a gate leading to a gauntlet.
 24306 | Gauntlet | Entered a Gauntlet
 24306 | Gauntlet | Found a transporter.
 24319 | Gauntlet | Found a transporter.
 24320 | Gauntlet | Found a transporter.
 24329 | Gauntlet | Found a transporter.
 24332 | Gauntlet | Found a transporter.
 24342 | Gauntlet | Found a transporter.
 24364 | Gauntlet | Found a runed translucent door.
 24374 | Gauntlet | Found a transporter.
 24385 | Gauntlet | Found a transporter.
 24389 | Gauntlet | Found a transporter.
 24393 | Gauntlet | Found a runed translucent door.
 24397 | Gauntlet | Found a transporter.
 24401 | Gauntlet | Found a transporter.
 24409 | Gauntlet | Found a transporter.
 24507 | Gauntlet | Found a runed translucent door.
 24694 | Gauntlet | Got a jewelled hat
 24705 | Gauntlet | Identified the +1 hat "Nirron" {-Tele Str+6 Dex+3} (You
                  | found it in a Gauntlet)
 24778 | Gauntlet | Identified the Guide on the Floating Voyage
 25203 | Lair:5   | Learned a level 1 spell: Apportation
 25206 | Lair:5   | Learned a level 2 spell: Sublimation of Blood
 25857 | Lair:6   | Entered Level 6 of the Lair of Beasts
 25984 | Lair:6   | Found a staircase to the Slime Pits.
 26144 | Lair:6   | Reached skill level 18 in Earth Magic
 26875 | Lair:6   | Reached XP level 15. HP: 90/90 MP: 20/26
 27772 | D:14     | Found Japihif's Food Boutique.
 28213 | D:14     | Noticed Kirke
 28219 | D:14     | Killed Kirke
 28224 | D:14     | Noticed Nessos
 28227 | D:14     | Killed Nessos
 28660 | D:14     | Found a gate to the Vaults.
 28710 | D:15     | Entered Level 15 of the Dungeon
 28990 | D:15     | Found a shattered altar of Ashenzari.
 29125 | D:15     | Found a shimmering altar of Xom.
 29125 | D:15     | Found a shimmering altar of Xom.
 29126 | D:15     | Found a shimmering altar of Xom.
 29135 | D:15     | Found a shimmering altar of Xom.
 29158 | D:15     | Got a heavily runed ring mail
 29169 | D:15     | Identified the +3 ring mail "Eraerghao" {rC+} (You found it
                  | on level 15 of the Dungeon)
 29386 | D:15     | Noticed a frost giant
 29395 | D:15     | Killed a frost giant
 29499 | D:15     | Found a staircase to the Depths.
 30136 | Shoals:1 | Entered Level 1 of the Shoals
 30308 | Shoals:1 | Reached skill level 19 in Earth Magic
 30357 | Shoals:1 | Got a faintly humming scale mail
 30457 | Shoals:1 | Noticed Roxanne
 30462 | Shoals:1 | Killed Roxanne
 30480 | Shoals:1 | Learned a level 6 spell: Iron Shot
 30617 | Shoals:1 | Noticed Nikola
 30753 | Shoals:1 | Killed from afar by Nikola

Levels and vault maps discovered:
D:1:      dpeg_arrival_connections, layout_basic, st_stairs_13,
          columned_hall_lemuel, minmay_tetromino_i4
D:2:      cheibrodos_pilgrimage, layout_basic
D:3:      layout_rooms, first_ration, serial_co_window_serial,
          co_window_corner_a, co_window_paths_a, co_window_corner_a,
          co_window_paths_b, co_window_paths_a, co_window_corner_b,
          co_window_corner_cb, co_window_broadway_b, co_window_2corner,
          co_window_corner_ca, co_window_corner_b, glass_columns_b,
          glass_columns_a, kennysheep_generic_room_11
D:4:      layout_rooms, serial_shops, shop_statue, kennysheep_mini, shop,
          uniq_natasha, uniq_robin, uniq_eustachio
D:5:      layout_cave_pools, chequers_temple_overflow_statue_of_worship,
          serial_shops, nicolae_shop_trees, uniq_blork_the_orc, uniq_edmund
D:6:      layout_loops_ring, gammafunk_temple_overflow_statue, serial_shops,
          kennysheep_little_box, minmay_joined_circles
D:7:      layout_loops_cross, minmay_temple_entry_offerings, serial_shops, shop
D:8:      layout_basic, hangedman_pestilent_swarm, fedhas_altar_1, uniq_harold
D:9:      layout_stronghold, david_orc_3, uniq_grum
D:10:     layout_loops_ring, dpeg_lair_monsters, enter_trove_2, minmay_shop_mass
D:11:     layout_rooms
D:12:     layout_rooms, serial_shops, shop
D:13:     layout_long_grid
D:14:     layout_irregular_city, david_vaults_5, minivault_26, serial_shops,
          nicolae_shop_waterfront, uniq_nessos, uniq_kirke
D:15:     grunt_enter_depths_snipers, layout_layer_cave, ashenzari_altar_1,
          xom_shifter_show
Temple:   nicolae_temple_elliptical
Lair:1:   wander_river, layout_concentric_octagons, grunt_megastairs_2
Lair:2:   layout_small_grid, nicolae_spider_entry_tight_spaces, uniq_gastronok
Lair:3:   layout_chaotic_city, elwin_shoals_entry_rooms,
          portal_ice_cave_entry_pillars_2, minmay_shattered_shrine,
          grunt_megastairs_1, infiniplex_staircase_pool_2, lemuel_fruit_tree
Lair:4:   layout_regular_city, basic_altar, chequers_serial_rivers_micro_d,
          grunt_megastairs_5, lemuel_fruit_fields
Lair:5:   layout_gridlike, special_room [special_room_mythical_zoo],
          gauntlet_entry_generic, lemuel_another_geyser,
          infiniplex_staircase_pool
Lair:6:   guppyfry_lair_end_dragon, layout_loops_ring,
          minmay_slime_entry_pillars, serial_bayou_shore_b
Shoals:1: layout_shoals, regret_index_shoals_crete, uniq_nikola, uniq_roxanne
Orc:1:    cheibrodos_orc_bank, layout_caves, lightli_church_of_beogh,
          uniq_snorg, uniq_maurice, uniq_sonja
Orc:2:    st_orc_mages, layout_caves

Skill      XL: |  1  2  3  4  5  6  7  8  9 10 11 12 13 14 15 |
---------------+----------------------------------------------+-----
Dodging        | 2 3 4 5 6 7 9 10 11 12 13 14 | 14.2
Earth Magic    | 3 4 5 6 7 9 11 12 14 15 17 18 19 | 19.1
Spellcasting   | 5 7 9 |  9.2
Stealth        | |  1.7
Transmutations | |  0.8

Action                   |  1- 3 |  4- 6 |  7- 9 | 10-12 | 13-15 || total
-------------------------+-------+-------+-------+-------+-------++-------
Melee: Unarmed           |    18 |       |       |       |       ||    18
       Dagger            |    73 |   216 |    30 |       |       ||   319
       Short sword       |       |       |    87 |   687 |   452 ||  1226
 Cast: Sandblast         |    28 |    36 |   107 |   332 |   256 ||   759
       Stone Arrow       |       |     5 |       |    47 |   130 ||   182
       Lee's Rapid Decon |       |       |       |    33 |   212 ||   245
       Petrify           |       |       |       |    11 |     1 ||    12
       Iron Shot         |       |       |       |       |    12 ||    12
       Leda's Liquefacti |       |       |       |       |     1 ||     1
Evoke: Wand              |       |       |       |    14 |     1 ||    15
  Use: Scroll            |       |     5 |     1 |    24 |     7 ||    37
       Potion            |       |       |       |     1 |     7 ||     8
 Stab: Sleeping          |     3 |    11 |     8 |    32 |     5 ||    59
       Distracted        |       |       |       |     5 |     4 ||     9
       Petrified         |       |       |       |    31 |       ||    31
  Eat: Chunk             |     1 |    10 |    11 |    39 |    72 ||   133
       Ration            |       |       |       |     6 |     7 ||    13
Armor: Robe              |    22 |    24 |    10 |    65 |     5 ||   126
       Troll leather arm |       |       |       |       |    89 ||    89
Dodge: Dodged            |    69 |   114 |   110 |  1006 |   883 ||  2182
       Deflected         |       |       |       |       |    27 ||    27

Table legend:
 A = Non-vault XP
 B = Vault XP
 C = Vault XP percentage of total XP
 D = Non-vault monster count
 E = Vault monster count
 F = Vault count percentage of total count
                 A         B        C        D         E       F
            +---------+---------+-------+---------+---------+-------
      Total |   81545 |   62306 |  43.3 |     559 |     280 |  33.4
            +---------+---------+-------+---------+---------+-------
        D:1 |      25 |      10 |  28.6 |      14 |       7 |  33.3
        D:2 |      65 |     103 |  61.3 |      16 |       6 |  27.3
        D:3 |     114 |       4 |   3.4 |      23 |       2 |   8.0
        D:4 |     185 |     214 |  53.6 |       8 |      14 |  63.6
        D:5 |     334 |     254 |  43.2 |      13 |       2 |  13.3
        D:6 |     189 |     279 |  59.6 |      10 |       5 |  33.3
        D:7 |    1010 |       0 |   0.0 |      24 |       0 |   0.0
        D:8 |    4426 |    1798 |  28.9 |      50 |       5 |   9.1
        D:9 |    4500 |    2149 |  32.3 |      50 |      15 |  23.1
       D:10 |    3289 |    2051 |  38.4 |      25 |      10 |  28.6
       D:11 |    3983 |       0 |   0.0 |      33 |       0 |   0.0
       D:12 |    3200 |       0 |   0.0 |      20 |       0 |   0.0
       D:13 |    4136 |       0 |   0.0 |      19 |       0 |   0.0
       D:14 |    9155 |    6209 |  40.4 |      25 |      10 |  28.6
       D:15 |    8028 |    2970 |  27.0 |      24 |       3 |  11.1
     Lair:1 |    2666 |     382 |  12.5 |       9 |       3 |  25.0
     Lair:2 |    2280 |    4044 |  63.9 |      10 |       8 |  44.4
     Lair:3 |    4693 |    4996 |  51.6 |      14 |      14 |  50.0
     Lair:4 |    4414 |       0 |   0.0 |      18 |       0 |   0.0
     Lair:5 |    3365 |    5065 |  60.1 |      13 |      19 |  59.4
     Lair:6 |   12837 |    3800 |  22.8 |      47 |      17 |  26.6
   Shoals:1 |    3493 |    5869 |  62.7 |       8 |       9 |  52.9
      Orc:1 |    2742 |    3971 |  59.2 |      36 |      35 |  49.3
      Orc:2 |    2416 |    4569 |  65.4 |      50 |      50 |  50.0
      IceCv |       0 |    8719 | 100.0 |       0 |      36 | 100.0
   Gauntlet |       0 |    4850 | 100.0 |       0 |      10 | 100.0
            +---------+---------+-------+---------+---------+-------
